 Dungeon Crawl Stone Soup version 0.28-a0-474-g535839065c (webtiles) character file.

Game seed: 13880130633726353391

268 spiderkeys the Skirmisher (level 6, -9/43 HPs)
             Began as an Octopode Abyssal Knight on Sept 16, 2021.
             Was a Follower of Lugonu.
             Mangled by a gnoll (14 damage)
             ... on level 2 of the Dungeon.
             The game lasted 00:06:53 (3393 turns).

spiderkeys the Skirmisher (Octopode Abyssal Knight) Turns: 3393, Time: 00:06:53

Health: -9/43      AC:  1    Str: 13    XL:     6   Next: 21%
Magic:  8/8        EV: 14    Int: 15    God:    Lugonu [*.....]
Gold:   181        SH:  0    Dex: 11    Spells: 5/5 levels left

rFire   . . .      SeeInvis .   c - +0 dagger (elec)
rCold   . . .      Faith    .   (no shield)
rNeg    . . .      Spirit   .   (helmet restricted)
rPois   .          Reflect  .   A - amulet of the acrobat
rElec   .          Harm     .   (no ring)
rCorr   .          Rampage  .   (no ring)
Will    .....                   (no ring)
Stlth   +++.......              (no ring)
HPRegen 0.14/turn               (no ring)
MPRegen 0.11/turn               (no ring)
                                (no ring)
                                (no ring)

@: no status effects
A: almost no armour, amphibious, 8 rings, camouflage 1, gelatinous body 1,
(nimble swimmer 1), tentacles
a: Renounce Religion, Depart the Abyss


You were on level 2 of the Dungeon.
You worshipped Lugonu.
Lugonu was aware of your devotion.
You visited 1 branch of the dungeon, and saw 3 of its levels.
You visited the Abyss 2 times.

You collected 181 gold pieces.


Innate Abilities, Weirdness & Mutations

You cannot wear most types of armour.
You are amphibious.
You can wear up to eight rings at the same time.
Your skin changes colour to match your surroundings (Stealth+).
Your rubbery body absorbs attacks. (AC +1, EV +1)
((You are camouflaged near water. (Stealth+)))
You have tentacles for arms and can constrict up to eight enemies at once.


   Skills:
 + Level 4.1 Fighting
 + Level 3.4 Polearms
 + Level 3.8 Dodging
 + Level 1.6 Stealth
 + Level 3.6 Invocations


You had 5 spell levels left.
You didn't know any spells.
Your spell library contained the following spells:

 Spells                   Type           Power      Damage    Failure   Level
 Summon Small Mammal      Summ           0%         N/A       26%         1
 Call Canine Familiar     Summ           0%         N/A       63%         3
 Summon Guardian Golem    Hex/Summ       0%         N/A       63%         3
 Summon Ice Beast         Ice/Summ       0%         N/A       95%         4
 Summon Mana Viper        Hex/Summ       0%         N/A       100%        5
 Monstrous Menagerie      Summ           0%         N/A       100%        7

Inventory:

Hand Weapons
 a - a +1 spear
 c - a +0 dagger of electrocution (weapon)
   (You found it on level 2 of the Abyss)
Missiles
 d - 56 stones
 k - 41 bolts
Jewellery
 A - an amulet of the acrobat (around mantle)
   (You found it on level 2 of the Abyss)
Scrolls
 b - a scroll of amnesia {unknown}
 j - a scroll of enchant weapon
Potions
 e - 2 potions of degeneration {!q}

Dungeon Overview and Level Annotations

Branches:
Dungeon (3/15)

Altars:

##### ##########...#
#............# #########
##.########...# #.......#
..............# #.#####.####
...########...####.....#....#
.#................####.####.##
.#.#............@.g..........#
.....############.#.##.#######
.....# #.......#.# .....#
#....#..#.# .....#
########..#.# .....#
#.g.........# .....###
#.########### .......#
#.#.......# ...#.#.#
#..g....#.#


You could see a gnoll.


Message History

The gnoll misses you. The gnoll completely misses you. The gnoll misses you.
The gnoll hits you from afar with a +0 halberd of distortion.
You blink. 😕 HP[-5]
You take 5 damage, and now have 38/43 hp. 😕 HP[+1] 😕 HP[+1]
There is a stone staircase leading up here.
The gnoll completely misses you. 😕 HP[+1]
The gnoll closely misses you. The gnoll barely misses you.
The gnoll barely misses you. The gnoll completely misses you.
The gnoll completely misses you. The gnoll closely misses you.
The gnoll completely misses you. 😕 HP[+1]
The gnoll completely misses you. The gnoll completely misses you.
The gnoll misses you. The gnoll completely misses you.
The gnoll completely misses you. The gnoll misses you.
The gnoll completely misses you. 😎 HP[+1]
Your hp is fully restored (43).
The gnoll hits you from afar with a +0 halberd of distortion! 😕 HP[-7]
You take 7 damage, and now have 36/43 hp.
Unknown command.
The gnoll closely misses you.
You climb upwards.
There is a stone staircase leading down here.
You start resting. 😎 HP[+7]
Your hp is fully restored (43).
You climb downwards.
There is a stone staircase leading up here.
The gnoll misses you. The gnoll completely misses you.
The gnoll completely misses you.
The gnoll hits you from afar with a +0 halberd of distortion.
Space warps horribly around you. 😕 HP[-6]
You take 6 damage, and now have 37/43 hp.
Unknown command.
The gnoll barely misses you.
You climb upwards.
There is a stone staircase leading down here.
You start resting. 😎 HP[+6]
Your hp is fully restored (43).
You climb downwards.
There is a stone staircase leading up here.
The gnoll completely misses you. The gnoll completely misses you.
The gnoll completely misses you. The gnoll misses you.
The gnoll hits you from afar with a +0 halberd of distortion!
You blink. 😮 HP[-13]
You take 13 damage, and now have 30/43 hp.
MASSIVE DAMAGE!! (PAUSE) 😮 HP[+1]
The gnoll hits you from afar with a +0 halberd of distortion!
* * * LOW HITPOINT WARNING * * *
Space bends around you.
* * * LOW HITPOINT WARNING * * *
😨 HP[-11]
You take 11 damage, and now have 20/43 hp.
MASSIVE DAMAGE!! (PAUSE)
The gnoll barely misses you.
There is a stone staircase leading up, spattered with blood here.
The gnoll hits you from afar with a +0 halberd of distortion.
* * * LOW HITPOINT WARNING * * *
Space warps horribly around you!
* * * LOW HITPOINT WARNING * * *
You climb upwards.
There is a stone staircase leading down here. 😱 HP[-18]
You take 18 damage, and now have 2/43 hp.
MASSIVE DAMAGE!! (PAUSE)
You start resting. 😎 HP[+41]
Your hp is fully restored (43).
You climb downwards.
There is a stone staircase leading up, spattered with blood here.
The gnoll hits you from afar with a +0 halberd of distortion!
Space warps horribly around you!
* * * LOW HITPOINT WARNING * * *
😨 HP[-24]
You take 24 damage, and now have 19/43 hp.
MASSIVE DAMAGE!! (PAUSE)
The gnoll hits you from afar with a +0 halberd of distortion!
* * * LOW HITPOINT WARNING * * *
Space warps horribly around you!
You die...

Skill      XL: |  1  2  3  4  5 |
---------------+----------------+-----
Polearms       | 3 |  3.4
Dodging        | 3 |  3.8
Invocations    | 3 |  3.6
Fighting       | 4 |  4.1
Stealth        | 1 |  1.6

Action                   |  1- 3 |  4- 6 || total
-------------------------+-------+-------++-------
Melee: Dagger            |       |   113 ||   113
       Constrict         |       |    26 ||    26
       Tentacles         |       |    12 ||    12
Invok: Depart the Abyss  |       |     2 ||     2
Evoke: Wand              |     4 |     1 ||     5
  Use: Scroll            |       |     3 ||     3
       Potion            |       |     3 ||     3
 Stab: Sleeping          |       |    13 ||    13
       Distracted        |       |     1 ||     1
Armor: Skin              |       |     2 ||     2
Dodge: Dodged            |       |   226 ||   226

Levels and vault maps discovered:
D:1:      scummos_arrival_star, layout_loops_ring
D:2:      layout_basic
D:3:      layout_basic, hangedman_feature_mirror, minmay_strange_pillars,
          grunt_ministairs_6, minmay_goblin_outpost, uniq_natasha, uniq_terence

Notes
Turn   | Place    | Note
-------+----------+-------------------------------------------
     0 | Abyss:1  | spiderkeys the Octopode Abyssal Knight began the quest for
                  | the Orb.
     0 | Abyss:1  | Reached XP level 1. HP: 16/16 MP: 2/2
     0 | Abyss:1  | magus.rc [v1.9.10]
    66 | Abyss:2  | Noticed a ynoxinul
    69 | Abyss:2  | Killed a ynoxinul
    70 | Abyss:2  | Reached skill level 3 in Polearms
    70 | Abyss:2  | Reached skill level 3 in Dodging
    70 | Abyss:2  | Reached skill level 3 in Invocations
    70 | Abyss:2  | Reached XP level 2. HP: 22/22 MP: 2/4
    70 | Abyss:2  | Reached XP level 3. HP: 27/27 MP: 2/5
    70 | Abyss:2  | Reached XP level 4. HP: 33/33 MP: 2/6
    70 | Abyss:2  | Reached XP level 5. HP: 37/37 MP: 2/7
    79 | Abyss:2  | Noticed a large abomination
   189 | Abyss:2  | Noticed a ynoxinul
   220 | Abyss:2  | Noticed an efreet
   221 | Abyss:2  | Noticed an ice devil
   224 | D:1      | You pass through the gate.
   224 | D:1      | Escaped the Abyss
   458 | D:1      | Reached * piety under Lugonu
   675 | D:1      | Reached skill level 4 in Fighting
  1370 | D:2      | Reached skill level 1 in Stealth
  1548 | D:2      | You pick up a book of Callings and begin reading...
  1548 | D:2      | You add the spells Summon Small Mammal, Call Canine
                  | Familiar and Summon Guardian Golem to your library.
  1867 | D:3      | Reached XP level 6. HP: 42/43 MP: 8/8
  1944 | D:3      | You are cast into the Abyss!
  1944 | D:3      | Cast into level 1 of the Abyss (gnoll)
  1945 | Abyss:1  | Found a corrupted altar of Lugonu.
  1979 | Abyss:1  | You pick up a book of Beasts and begin reading...
  1979 | Abyss:1  | You add the spells Summon Ice Beast, Summon Mana Viper and
                  | Monstrous Menagerie to your library.
  1997 | Abyss:1  | Noticed a small abomination
  2006 | Abyss:1  | Noticed an Executioner
  2022 | Abyss:1  | Noticed a small abomination
  2024 | Abyss:1  | Noticed a small abomination
  2026 | Abyss:1  | Noticed a hellwing
  2027 | Abyss:1  | Noticed a yellow draconian knight
  2027 | Abyss:1  | Noticed an ancient zyme
  2028 | D:3      | You pass through the gate.
  2028 | D:3      | Escaped the Abyss
  3088 | D:2      | HP: 1/43 [gnoll (15)]
  3393 | D:2      | HP: 5/43 [gnoll (14)]
  3393 | D:2      | Mangled by a gnoll

Vanquished Creatures
  A ynoxinul (Abyss:2)
  3 gnolls (D:3)
  2 adders (D:2)
  A white imp (Abyss:1)
  2 dart slugs
  An orc (D:3)
  7 ball pythons
  6 endoplasms
  7 goblins
  2 hobgoblins (D:2)
  7 jackals
  8 kobolds
  A quokka (D:1)
  4 bats
  2 frilled lizards (D:1)
  5 rats
59 creatures vanquished.

Table legend:
 A = Non-vault XP
 B = Vault XP
 C = Vault XP percentage of total XP
 D = Non-vault monster count
 E = Vault monster count
 F = Vault count percentage of total count
                 A         B        C        D         E       F
            +---------+---------+-------+---------+---------+-------
      Total |     381 |       3 |   0.8 |      58 |       1 |   1.7
            +---------+---------+-------+---------+---------+-------
        D:1 |      56 |       0 |   0.0 |      32 |       0 |   0.0
        D:2 |      50 |       0 |   0.0 |      15 |       0 |   0.0
        D:3 |      53 |       3 |   5.4 |       9 |       1 |  10.0
    Abyss:1 |      10 |       0 |   0.0 |       1 |       0 |   0.0
    Abyss:2 |     212 |       0 |   0.0 |       1 |       0 |   0.0
            +---------+---------+-------+---------+---------+-------

Illustrated notes

Table legend:
 A = Kills in this place as a percentage of kills in entire the game.
 B = Kills by you in this place as a percentage of kills by you in the entire game.
 C = Kills by friends in this place as a percentage of kills by friends in the entire game.
 D = Other kills in this place as a percentage of other kills in the entire game.
 E = Experience gained in this place as a percentage of experience gained in the entire game.
 F = Experience gained in this place divided by the number of levels of this place that you have seen.
                   A       B       C       D       E      F
               +-------+-------+-------+-------+-------+----------------------
         Total | 100.0 | 100.0 |   N/A |   N/A | 100.0 |  64.0
       Dungeon |  96.6 |  96.6 |   N/A |   N/A |  42.2 |  54.0
         Abyss |   3.4 |   3.4 |   N/A |   N/A |  57.8 |  74.0
               +-------+-------+-------+-------+-------+----------------------

Table legend: (Time is in decaauts)
 A = Elapsed time spent in this place.
 B = Non-inter-level travel time spent in this place.
 C = Inter-level travel time spent in this place.
 D = Time resting spent in this place.
 E = Time spent auto-exploring this place.
 F = Levels seen in this place.
 G = Mean time per level.
                   A        B        C        D        E       F      G
               +--------+--------+--------+--------+--------+-----+--------+
         Total |   3402 |   3382 |     20 |    939 |   1506 |   6 |  567.0 |
       Dungeon |   3095 |   3075 |     20 |    939 |   1359 |   3 | 1031.7 |
         Abyss |    307 |    307 |      0 |      0 |    147 |   3 |  102.3 |
               +--------+--------+--------+--------+--------+-----+--------+

Top non-repeatable levels by time:
     D:2: 1410 daAuts
     D:1: 1273 daAuts
     D:3: 411 daAuts
 Abyss:2: 191 daAuts
 Abyss:1: 115 daAuts
